 Dungeon Crawl Stone Soup version 0.14.0-26-g1682e81 (webtiles) character file.

85099 4tharraofdagon the Imperceptible (level 15, -5/70 HPs)
             Began as a Vine Stalker Monk on Apr 27, 2014.
             Was the Champion of Dithmenos.
             Slain by a jumping spider (12 damage)
             ... on Level 5 of the Spider Nest.
             The game lasted 01:25:04 (12208 turns).

4tharraofdagon the Imperceptible (VSMo)            Turns: 12208, Time: 01:25:04

HP  -5/70        AC 12     Str 14      XL: 15   Next: 79%
MP   0/27        EV 11     Int 16      God: Dithmenos [******]
Gold 1108        SH  0     Dex 26      Spells:  5 memorised,  3 levels left

rFire  . . .     SeeInvis +     V - +1,+2 short sword (elec)
rCold  . . .     Clarity  +     L - +2 robe {MR+}
rNeg   . . .     Conserve .     (no shield)
rPois  +         rCorr    .     c - +0 helmet
rElec  .         rRot     +     F - +0 cloak
SustAb . .       Spirit   +     i - +2 pair of gloves of Demons {rPois Acc+4}
rMut   .         Warding  .     p - +1 pair of boots
Saprov . . .     Stasis   .     E - amulet of Hesoatol {Clar Int+2}
MR     ++...                    g - ring "Vulaul" {Dex+3 Int+4 SInv}
                                A - cursed ring of Shaolin {EV+8}

@: held, wreathed by umbra, very resistant to hostile enchantments, uncannily
stealthy
A: fangs 3, regeneration 3, spit poison 1, magic shield, antimagic bite, no
device heal
a: Spit Poison, Shadow Step, Shadow Form, Renounce Religion


You were on level 5 of the Spider Nest.
You worshipped Dithmenos.
Dithmenos was exalted by your worship.
You were not hungry.

You visited 5 branches of the dungeon, and saw 33 of its levels.
You also visited: Labyrinth and Sewer.

You collected 1654 gold pieces.
You spent 546 gold pieces at shops.

Inventory:

Hand weapons
 f - a +1,+3 dagger of stabbing
 v - a +1,+6 cutlass of speed
 M - a cursed +0 blowgun
 S - a +0,+0 dagger of distortion
 V - a +1,+2 short sword of electrocution (weapon)
Missiles
 o - 12 throwing nets (quivered)
 G - 10 curare-tipped needles
 P - 8 needles of sleeping
Armour
 c - a +0 helmet (worn)
 i - the +2 pair of gloves of Demons (worn) {rPois Acc+4}
   (You found it on level 4 of the Dungeon)

   It affects your accuracy with ranged weapons and melee attacks (+4).
   It protects you from poison.
 p - a +1 pair of boots (worn)
 F - a +0 cloak (worn)
 L - a +2 robe of magic resistance (worn)
Magical devices
 j - a wand of draining (6)
 n - a wand of cold (9)
 y - a wand of cold (5)
 I - a wand of hasting (3)
 U - a wand of digging (9)
Comestibles
 b - 5 bread rations
 h - 7 meat rations
Scrolls
 a - 2 scrolls of teleportation
 d - 2 scrolls of magic mapping
 e - 5 scrolls of remove curse
 u - 2 scrolls of enchant weapon II
 w - a scroll of noise
 N - a scroll of enchant armour
 T - a scroll of enchant weapon III
Jewellery
 g - the ring "Vulaul" (right hand) {Dex+3 Int+4 SInv}
   (You found it on level 4 of the Lair of Beasts)

   [ring of see invisible]

   It affects your intelligence (+4).
   It affects your dexterity (+3).
 t - an uncursed ring of protection from magic
 A - the cursed ring of Shaolin (left hand) {EV+8}
   (You took it off a minotaur in a labyrinth)

   [ring of evasion]

   It affects your evasion (+8).
   It has a curse placed upon it.
 E - the amulet of Hesoatol (around neck) {Clar Int+2}
   (You found it on level 10 of the Dungeon)

   [amulet of clarity]

   It affects your intelligence (+2).
 Q - an uncursed ring of teleportation
 R - an uncursed ring of wizardry
Potions
 k - a potion of restore abilities
 l - 3 potions of flight
 m - 2 potions of resistance
 q - 8 potions of might
 r - 7 potions of brilliance
 s - 2 potions of agility
 x - 15 potions of curing
 D - 2 potions of haste
 H - 2 potions of magic
 J - a potion of cure mutation
 K - a potion of invisibility {unknown}
Miscellaneous
 z - a phial of floods


   Skills:
 - Level 4.1 Fighting
 - Level 9.0 Short Blades
 - Level 4.0 Throwing
 - Level 6.0 Armour
 - Level 2.4 Dodging
 - Level 25.0 Stealth
 - Level 4.1 Unarmed Combat
 - Level 4.0 Spellcasting
 * Level 7.0 Hexes
 - Level 2.2 Charms
 - Level 3.5 Invocations
 - Level 4.0 Evocations


You had 3 spell levels left.
You knew the following spells:

 Your Spells              Type           Power        Failure   Level  Hunger
a - Repel Missiles        Chrm/Air       #.....       17%         2    ##.....
b - Swiftness             Chrm/Air       #.......     17%         2    ##.....
c - Flight                Chrm/Air       #.........   34%         3    ###....
d - Invisibility          Hex            ####....     97%         6    #######
e - Haste                 Chrm           ##......     100%        6    #######


Dungeon Overview and Level Annotations

Branches:
Dungeon (15/15)            Temple (0/1) D:7             Orc (4/4) D:9
    Elf (0/3) Orc:3          Lair (8/8) D:9          Shoals (0/5) Lair:6
 Spider (5/5) Lair:3        Slime (0/6) Lair:8       Depths (1/5) D:15
 Vaults: D:13-14

Altars:
Dithmenos
Fedhas
Nemelex Xobeh
Okawaru
Sif Muna
Beogh
Jiyva

Shops:
D:5 (   Orc:4 [![::

Portals:
Trove: D:13 (show slimy rune of Zot)

Annotations:
D:4 4tharraofdagon's ghost, weakling VSMo
D:7 timbw's ghost, average HuSu
D:13 exclusion: oklob sapling
D:14 VAULT, exclusion: Roxanne, Fannar; Roxanne


Innate Abilities, Weirdness & Mutations

You are immune to rotting.
You have razor-sharp teeth.
You regenerate.
When hurt, damage is shared between your health and your magic reserves.
Your bite disrupts and absorbs the magic of your enemies.
Potions and wands cannot restore your HP.
You can spit poison.


Message History

You struggle to detach yourself from the web.
The jumping spider pounces on you.
* * * LOW HITPOINT WARNING * * *
The jumping spider completely misses you.
The tarantella bites you!
* * * LOW HITPOINT WARNING * * *
Unknown command.
You struggle to detach yourself from the web.
The jumping spider misses you.
The jumping spider bites you but does no damage.
The tarantella bites you but does no damage.
The jumping spider pounces on you.
* * * LOW HITPOINT WARNING * * *
The jumping spider bites you.
* * * LOW HITPOINT WARNING * * *
The tarantella barely misses you.
Unknown command.
You struggle to detach yourself from the web.
The jumping spider pounces on you!
You die...

...." ..^# .^^^.. #^..
≈^.....#... .
^≈.^^^#^^^# ^....
..^....^#
#^....####^..?^### #
##.......^.....s...##
.##............s##^...#
^^..#...........@..##...
.<...#..........s...# .
...................##
............^.#.....#
.#............#.....##
.#............#......#
##......^........^...#
.....%####.#..%#.##.##
..#...<# ###.%.######^.#


You could see a jumping spider and a tarantella.

Vanquished Creatures
  Kirke (D:15)
  A tengu reaver (Depths:1)
  A fire giant (D:15)
  Louise (D:15)
  An ettin (Depths:1)
  A minotaur (Lab)
  A merfolk impaler (Depths:1)
  A vault guard (D:14)
  Josephine (Spider:1)
  5 hydras
  Harold (D:12)
  Erica (D:10)
  2 death yaks (Lair:8)
  A catoblepas (Lair:8)
  Nergalle (D:10)
  2 centaur warriors
  The ghost of timbw the Bludgeoner, an experienced OgHu of Makhleb (D:11)
  An orb spider (Spider:1)
  2 unseen horrors
  An unseen horror (shapeshifter) (D:13)
  Erolcha (Orc:1)
  2 necromancers (D:12)
  5 orc knights
  Joseph (Orc:2)
  3 hill giants
  A wolf spider zombie (Spider:1)
  8 wolf spiders
  3 griffons
  A cyclops (D:15)
  3 manticores
  12 elephants
  A spiny frog (shapeshifter) (D:15)
  2 black mambas
  A gargoyle (D:9)
  A spiny frog (Lair:8)
  3 komodo dragons
  4 wandering mushrooms (D:13)
  A troll (shapeshifter) (D:15)
  3 centaur zombies (D:12)
  4 fire drakes
  A yaktaur (D:14)
  A tengu conjurer (D:14)
  4 demonic crawlers
  A troll (Orc:4)
  5 polar bears (Lair:8)
  A moth of wrath zombie (Spider:1)
  A boulder beetle (Spider:5)
  A hydra skeleton (D:12)
  A tarantella zombie (Spider:1)
  9 jumping spiders
  4 slime creatures (D:12)
  3 two-headed ogres
  4 ravens (D:14)
  A trapdoor spider zombie (Spider:1)
  A catoblepas skeleton (D:8)
  14 yaks
  4 basilisks
  7 blink frogs (Lair:8)
  10 redbacks
  2 flying skulls (D:12)
  4 trapdoor spiders
  15 ugly things
  3 wraiths
  A deep elf mage (D:11)
  2 elephant slugs
  A golden eye (shapeshifter) (D:15)
  9 grizzly bears (Lair:8)
  7 tarantellas
  2 steam dragons
  6 hippogriffs
  A hill giant zombie (D:13)
  8 wargs
  A hungry ghost (D:14)
  2 shadows
  A water elemental (D:15)
  Grum (D:10)
  A wyvern (D:11)
  24 wolves
  4 sharks
  A hill giant skeleton (D:12)
  A water moccasin (Lair:8)
  4 hell hounds (Lair:8)
  5 porcupines
  A soldier ant (D:12)
  8 necrophages
  27 orc warriors
  14 spiders
  A tarantella simulacrum (Spider:1)
  6 black bears (Lair:8)
  5 ogres
  2 yellow wasps
  3 sky beasts
  3 ice beasts
  A giant goldfish (D:15)
  12 centaurs
  A manticore skeleton (D:12)
  A phantom (D:10)
  7 giant frogs
  8 crocodiles
  2 lava worms (Lair:2)
  4 giant slugs
  2 big kobolds (D:12)
  2 gnoll sergeants (D:5)
  2 wyvern zombies
  4 scorpions
  4 eyes of draining
  A tengu zombie (D:15)
  2 troll zombies (D:12)
  An oklob sapling (D:13)
  3 jellies
  12 wights
  5 killer bees (D:12)
  A troll skeleton (D:12)
  2 electric eels
  A giant frog zombie (D:12)
  A hippogriff skeleton (D:9)
  2 crimson imps (D:6)
  2 goliath beetles
  2 giant frog skeletons (D:12)
  3 centaur skeletons
  20 hounds
  10 iguanas
  7 worker ants
  27 orc wizards
  An elf skeleton (Spider:1)
  2 gnoll shamans (D:5)
  17 orc priests
  14 sheep
  A mummy (D:13)
  17 gnolls (D:5)
  A scorpion zombie (D:6)
  13 adders
  4 shadow imps
  3 orc skeletons
  50 green rats
  3 worms
  A giant eyeball (D:12)
  3 giant geckos
  An ooze (D:4)
  125 orcs
  3 ball pythons (Sewer)
  13 bats
  5 giant cockroaches
  6 hobgoblins
  16 jackals
  3 quokkas
  6 giant newts
  8 goblins
  A hobgoblin skeleton (D:6)
  37 kobolds
  A kobold skeleton (D:5)
  An orc zombie (D:5)
  28 rats
  A fungus (Lair:8)
  2 plants (Lair:8)
875 creatures vanquished.

Vanquished Creatures (collateral kills)
  A griffon (Lair:8)
  An elephant (Lair:8)
  A komodo dragon (Lair:8)
  Sonja (D:13)
  A yak (Lair:8)
  A hippogriff zombie (D:13)
  4 sheep (Lair:7)
10 creatures vanquished.

Vanquished Creatures (others)
  An unseen horror (D:14)
  A wolf spider (Spider:4)
  A jumping spider (Spider:5)
  2 humans (D:15)
  A spider (Spider:5)
  A giant mite (Lair:7)
  7 fungi
  3 plants
17 creatures vanquished.

Grand Total: 902 creatures vanquished

Notes
Turn   | Place    | Note
--------------------------------------------------------------
     0 | D:1      | 4tharraofdagon, the Vine Stalker Monk, began the quest for the Orb.
     0 | D:1      | Reached XP level 1. HP: 11/11 MP: 1/1
   228 | D:2      | Reached XP level 2. HP: 16/16 MP: 3/3
   341 | D:4      | Got a pair of heavily runed gloves
   353 | D:4      | Identified the cursed +2 pair of gloves of Demons {rPois Acc+4} (You found it on level 4 of the Dungeon)
   378 | D:4      | Reached skill level 1 in Short Blades
   378 | D:4      | Reached XP level 3. HP: 12/20 MP: 2/4
   394 | D:4      | Reached XP level 4. HP: 18/24 MP: 3/5
   466 | D:4      | Noticed 4tharraofdagon's ghost (weakling VSMo)
   469 | D:5      | Entered Level 5 of the Dungeon
   631 | D:5      | Found a shadowy altar of Dithmenos.
   634 | D:5      | Reached XP level 5. HP: 19/28 MP: 7/7
   637 | D:5      | Became a worshipper of Dithmenos the Shadowed
   637 | D:5      | Acquired Dithmenos' first power
   647 | D:5      | Found a sparkling altar of Nemelex Xobeh.
   648 | D:5      | Found an iron altar of Okawaru.
   723 | D:5      | Noticed a centaur
   781 | D:5      | Found Xazyub's Weapon Shop.
   805 | D:5      | Reached skill level 1 in Invocations
   809 | D:5      | Noticed a gnoll sergeant
   812 | D:5      | Killed a gnoll sergeant
   812 | D:5      | Reached skill level 5 in Stealth
   812 | D:5      | Gained mutation: You heal very quickly. [vine stalker growth]
   812 | D:5      | Reached XP level 6. HP: 32/32 MP: 7/9
   867 | D:5      | Killed a centaur
  1048 | D:5      | Reached XP level 7. HP: 28/37 MP: 11/11
  1053 | D:5      | Reached skill level 6 in Stealth
  1238 | D:5      | Noticed a gnoll sergeant
  1365 | D:5      | Killed a gnoll sergeant
  1365 | D:5      | Reached skill level 7 in Stealth
  1422 | D:5      | Acquired Dithmenos' second power
  1422 | D:5      | Gained mutation: You have razor-sharp teeth. [vine stalker growth]
  1422 | D:5      | Reached XP level 8. HP: 42/42 MP: 13/13
  1702 | D:6      | Found a glowing drain.
  1729 | Sewer    | Entered a sewer
  1946 | Sewer    | Acquired Dithmenos' third power
  1946 | Sewer    | Reached skill level 5 in Short Blades
  2001 | Sewer    | Reached skill level 8 in Stealth
  2148 | D:7      | Reached skill level 1 in Armour
  2182 | D:7      | Noticed timbw's ghost (average HuSu)
  2266 | D:7      | Found a staircase to the Ecumenical Temple.
  2305 | D:8      | Reached skill level 9 in Stealth
  2437 | D:8      | Reached XP level 9. HP: 42/45 MP: 15/15
  2609 | D:9      | Noticed a gargoyle
  2611 | D:9      | Killed a gargoyle
  2611 | D:9      | Reached skill level 10 in Stealth
  2633 | D:9      | Gained mutation: You can spit poison. [mutagenic meat]
  2855 | D:10     | Entered Level 10 of the Dungeon
  2920 | D:10     | Got a sparkling emerald amulet
  3030 | D:9      | Noticed a fire drake
  3031 | D:9      | Found a staircase to the Lair.
  3036 | D:9      | Killed a fire drake
  3036 | D:9      | Reached skill level 11 in Stealth
  3059 | D:9      | Reached XP level 10. HP: 49/49 MP: 14/16
  3071 | D:9      | Found a staircase to the Orcish Mines.
  3124 | Lair:1   | Entered Level 1 of the Lair of Beasts
  3307 | Lair:2   | Reached skill level 12 in Stealth
  3342 | Lair:2   | Noticed a five-headed hydra
  3390 | Lair:1   | Noticed a black mamba
  3393 | Lair:1   | Killed a black mamba
  3521 | Lair:2   | Identified the amulet of Hesoatol {Clar Int+2} (You found it on level 10 of the Dungeon)
  3895 | Lair:7   | Reached skill level 13 in Stealth
  3952 | Lair:7   | Found a labyrinth entrance.
  3962 | Lab      | Entered a labyrinth
  4078 | Lab      | WT
  4130 | Lab      | FU
  4512 | Lab      | Noticed a minotaur
  4520 | Lab      | Killed a minotaur
  4520 | Lab      | Reached skill level 5 in Armour
  4520 | Lab      | Reached XP level 11. HP: 53/53 MP: 18/18
  4553 | Lair:7   | Learned a level 2 spell: Repel Missiles
  4556 | Lair:7   | Learned a level 2 spell: Swiftness
  4560 | Lair:7   | Learned a level 3 spell: Flight
  4568 | Lair:8   | Entered Level 8 of the Lair of Beasts
  4568 | Lair:8   | Found a viscous altar of Jiyva.
  4568 | Lair:8   | Found a staircase to the Slime Pits.
  4586 | Lair:8   | Noticed an eight-headed hydra
  4710 | Lair:7   | Reached skill level 1 in Spellcasting
  4726 | Lair:7   | Reached skill level 14 in Stealth
  4881 | Lair:8   | Acquired Dithmenos' fourth power
  4983 | Lair:8   | Reached skill level 15 in Stealth
  5071 | Lair:8   | Noticed a seven-headed hydra
  5076 | Lair:8   | Killed a seven-headed hydra
  5225 | Lair:8   | Reached skill level 16 in Stealth
  5230 | Lair:8   | Gained mutation: You regenerate. [vine stalker growth]
  5230 | Lair:8   | Reached XP level 12. HP: 47/58 MP: 24/24
  5464 | Lair:8   | Reached skill level 17 in Stealth
  5669 | Lair:8   | Reached skill level 18 in Stealth
  5869 | Lair:8   | Noticed a five-headed hydra
  5900 | Lair:8   | Noticed a catoblepas
  5900 | Lair:8   | Noticed a death yak
  5900 | Lair:8   | Noticed a death yak
  5902 | Lair:8   | Killed a five-headed hydra
  5902 | Lair:8   | Reached skill level 19 in Stealth
  5903 | Lair:8   | Killed a catoblepas
  5905 | Lair:8   | Killed a death yak
  5906 | Lair:8   | Killed a death yak
  5906 | Lair:8   | Reached XP level 13. HP: 61/61 MP: 21/25
  5922 | Lair:8   | Noticed an eight-headed hydra
  6158 | Lair:6   | Reached skill level 20 in Stealth
  6328 | Lair:6   | Found a staircase to the Shoals.
  6441 | Lair:5   | Noticed a black mamba
  6443 | Lair:5   | Noticed an elephant
  6446 | Lair:5   | Killed a black mamba
  6448 | Lair:5   | Noticed an elephant
  6463 | Lair:5   | Killed an elephant
  6477 | Lair:5   | Noticed an elephant
  6478 | Lair:5   | Noticed an elephant
  6478 | Lair:5   | Noticed an elephant
  6478 | Lair:5   | Noticed an elephant
  6529 | Lair:5   | Killed an elephant
  6535 | Lair:5   | Killed an elephant
  6555 | Lair:5   | Killed an elephant
  6579 | Lair:5   | Killed an elephant
  6591 | Lair:5   | Killed an elephant
  6691 | Lair:4   | Got a brightly glowing brass ring
  6694 | Lair:4   | Identified the ring "Vulaul" {Dex+3 Int+4 SInv} (You found it on level 4 of the Lair of Beasts)
  6883 | Lair:1   | Reached skill level 21 in Stealth
  7024 | D:10     | Noticed Nergalle
  7030 | D:10     | Killed Nergalle
  7047 | D:10     | Noticed Grum
  7069 | D:10     | Killed Grum
  7171 | D:11     | Reached skill level 1 in Evocations
  7301 | D:11     | Noticed timbw's ghost (experienced OgHu)
  7312 | D:11     | Killed timbw's ghost
  7321 | D:11     | RIP bud
  7341 | D:11     | Got a shimmering spear
  7342 | D:11     | Identified the cursed +4,+6 spear "Tuqupt" {pierce, rElec SInv} (You found it on level 11 of the Dungeon)
  7540 | D:13     | Found a blossoming altar of Fedhas.
  7588 | D:13     | Noticed Sonja
  7602 | D:13     | Killed Sonja
  7719 | D:14     | Noticed a vault guard
  7722 | D:14     | Killed a vault guard
  7731 | D:14     | Noticed a vault guard
  7928 | D:14     | Reached skill level 22 in Stealth
  7960 | D:15     | Entered Level 15 of the Dungeon
  7965 | D:15     | Reached XP level 14. HP: 66/66 MP: 26/26
  8019 | D:15     | Noticed Kirke
  8021 | D:15     | Killed Kirke
  8158 | D:14     | Noticed Fannar
  8258 | D:13     | Found a portal to a secret trove of treasure.
  8505 | D:15     | Found a staircase to the Depths.
  8505 | D:15     | Noticed a fire giant
  8508 | D:15     | Noticed Louise
  8512 | D:15     | Killed Louise
  8512 | D:15     | Reached skill level 23 in Stealth
  8515 | D:15     | Killed a fire giant
  8626 | Depths:1 | Entered Level 1 of the Depths
  8636 | Depths:1 | Noticed a tengu reaver
  8638 | Depths:1 | Noticed an octopode crusher
  8639 | Depths:1 | Killed a tengu reaver
  8749 | D:14     | Noticed Roxanne
  9019 | D:12     | Noticed Harold
  9029 | D:12     | Killed Harold
  9169 | D:12     | Reached skill level 1 in Throwing
  9215 | D:12     | Reached skill level 24 in Stealth
  9485 | D:12     | Reached XP level 15. HP: 65/70 MP: 27/27
  9527 | D:12     | Identified a scroll of acquirement
  9699 | D:10     | Noticed Erica
  9703 | D:10     | Killed Erica
  9841 | Orc:1    | Entered Level 1 of the Orcish Mines
  9849 | Orc:1    | Found a roughly hewn altar of Beogh.
  9942 | Orc:1    | Found a deep blue altar of Sif Muna.
 10041 | Orc:3    | Found a staircase to the Elven Halls.
 10055 | Orc:4    | Entered Level 4 of the Orcish Mines
 10065 | Orc:4    | Found Gastrofump's Book Shop.
 10111 | Orc:4    | Bought a book of Wizardry for 390 gold pieces
 10120 | Orc:4    | Learned a level 6 spell: Invisibility
 10127 | Orc:4    | Learned a level 6 spell: Haste
 10363 | Orc:4    | Found Mahunu's Antique Armour Boutique.
 10363 | Orc:4    | Found Ushraeli's Distillery.
 10363 | Orc:4    | Found Greinep's Book Shop.
 10363 | Orc:4    | Found Bifiq's Armour Emporium.
 10364 | Orc:4    | Reached skill level 1 in Charms
 10631 | Orc:4    | HP: 3/70 [orc warrior/ bolt (8)]
 10693 | Orc:4    | Bought a potion of haste for 91 gold pieces
 10693 | Orc:4    | Bought a potion of restore abilities for 39 gold pieces
 10693 | Orc:4    | Bought a potion of curing for 26 gold pieces
 11038 | Orc:2    | Reached skill level 1 in Hexes
 11230 | Orc:2    | Noticed Joseph
 11236 | Orc:2    | Killed Joseph
 11253 | Orc:1    | Noticed Erolcha
 11261 | Orc:1    | Killed Erolcha
 11466 | Lair:3   | Found a hole to the Spider Nest.
 11479 | Spider:1 | Entered Level 1 of the Spider Nest
 11512 | Spider:1 | Noticed Josephine
 11533 | Spider:1 | Killed Josephine
 11620 | Spider:1 | Reached skill level 25 in Stealth
 11802 | Spider:3 | Reached skill level 5 in Hexes
 11955 | Spider:5 | Entered Level 5 of the Spider Nest
 12037 | Spider:4 | Got a crude fire dragon armour
 12038 | Spider:4 | Identified the +2 fire dragon armour "Eqalunn" {+Blink rF++ rC- Curse} (You found it on level 4 of the Spider Nest)
 12208 | Spider:5 | Slain by a jumping spider

Action                   |  1- 3 |  4- 6 |  7- 9 | 10-12 | 13-15 || total
-------------------------+-------+-------+-------+-------+-------++-------
Melee: Unarmed           |    15 |       |       |       |       ||    15
       Dagger            |    21 |   120 |   427 |   886 |   689 ||  2143
       Short sword       |       |       |       |       |   810 ||   810
Throw: Throwing net      |       |       |     2 |     2 |     2 ||     6
 Cast: Repel Missiles    |       |       |       |     1 |     1 ||     2
       Flight            |       |       |       |       |     1 ||     1
Invok: Shadow Step       |       |       |     4 |     5 |    10 ||    19
Evoke: Wand              |       |     1 |     8 |    10 |    16 ||    35
       Phial of floods   |       |       |       |       |     1 ||     1
  Use: Scroll            |       |       |     8 |    16 |    17 ||    41
       Potion            |       |       |       |       |     1 ||     1
 Stab: Sleeping          |       |     4 |    39 |    35 |   194 ||   272
       Held in net/web   |       |       |     2 |     1 |     1 ||     4
       Distracted        |       |       |       |     3 |    10 ||    13
       Fleeing           |       |       |       |     2 |       ||     2
